Map: Orbital Shipyard

Players

SGTxLahman - Winner!

  • Race: Terran Terran
  • League: Silver

wabbajack

  • Race: Zerg Zerg
  • League: Gold

VOD

Have the link to the VOD?

Description

Time

  • Played on: July 19, 2015, 9:47 p.m.
  • Length: 7:55
Show
View Real Time Build Order
Export as new Build Order

SGTxLahman Terran - Winner!

Build Orders: MMM Bio 

Get SALT Encoding   

  12  0:00  SCV  
  13  0:12  SCV  
  14  0:17  Supply Depot  
  14  0:25  SCV  
  15  0:30  Refinery  
  15  0:39  SCV  
  16  0:45  Barracks  
  16  0:54  SCV  
  17  1:05  Barracks  
  17  1:09  SCV  
  18  1:18  Supply Depot  
  18  1:22  SCV  
  19  1:26  Refinery  
  19  1:32  Marine  
  20  1:43  Orbital Command  
  20  1:52  Barracks Tech Lab, Marine  
  21  2:03  Factory  
  21  2:09  SCV  
  22  2:19  Stimpack  
  22  2:21  Marine  
  23  2:22  Marine  
  24  2:39  Barracks Reactor  
  24  2:41  SCV  
  24  2:42  Marine  
  26  2:47  Starport  
  26  2:48  Factory Reactor  
  26  2:51  Supply Depot  
  26  2:53  SCV  
  27  2:59  Marine  
  27  3:05  SCV  
  29  3:14  Supply Depot  
  29  3:16  Marine x2  
  29  3:18  Marine  
  29  3:19  SCV  
  33  3:33  Medivac x2  
  37  3:43  Factory Tech Lab  
  37  3:45  SCV  
  37  3:46  Marine x2  
  37  3:47  Marine  
  41  3:53  Supply Depot  
  41  4:04  Marine  
  41  4:09  Marine x2  
  43  4:12  Viking  
  43  4:15  SCV  
  47  4:20  Combat Shields  
  33  4:34  Marine  
  33  4:35  Marine x2  
  33  4:36  SCV  
  36  4:48  SCV  
  37  4:56  Marine x3  
  40  5:00  SCV  
  41  5:12  SCV  
  42  5:14  Marine  
  43  5:24  SCV  
  44  5:36  Marine x2  
  44  5:37  Marine  
  47  5:54  Marine x3  
  47  6:10  Medivac  
  47  6:11  Medivac  
  51  6:12  Marine x3  
  54  6:30  Marine  
  55  6:34  Marine  
  53  6:40  Marine  
  54  6:48  Marine  
  55  7:04  Supply Depot  
  55  7:08  Marine x3  
  58  7:11  Command Center  
  58  7:26  Marine x3  
Show
View Real Time Build Order
Export as new Build Order

wabbajack Zerg 

Build Orders: Hatch First 

Get SALT Encoding   

  12  0:01  Drone  
  13  0:13  Overlord  
  13  0:22  Drone  
  13  0:26  Drone, Extractor  
  15  0:32  Drone  
  16  0:37  Drone  
  17  0:54  Hatchery  
  16  0:58  Drone, Extractor  
  16  1:02  Drone  
  17  1:07  Drone  
  18  1:20  Spawning Pool  
  18  1:24  Extractor  
  16  1:25  Drone  
  16  1:28  Drone  
  18  1:40  Overlord  
  18  1:50  Drone  
  19  2:02  Drone  
  19  2:07  Queen  
  22  2:09  Metabolic Boost  
  22  2:13  Drone  
  22  2:14  Drone  
  24  2:21  Pneumatized Carapace  
  24  2:31  Baneling Nest  
  24  2:33  Zergling x2  
  24  2:39  Zergling x2  
  24  2:42  Zergling x2  
  24  2:43  Zergling x2  
  27  2:53  Drone x3  
  30  3:13  Overlord  
  30  3:16  Zergling x2  
  30  3:17  Zergling x4  
  30  3:18  Zergling x2  
  34  3:20  Overlord  
  34  3:26  Queen  
  36  3:34  Baneling  
  36  3:35  Baneling  
  36  3:36  Baneling x2  
  36  3:37  Baneling x2  
  36  3:39  Baneling x2  
  36  3:52  Drone  
  36  3:53  Drone x4  
  41  4:20  Hatchery, Drone x6  
  38  4:59  Lair  
  38  5:01  Roach Warren  
  37  5:08  Overlord x2  
  37  5:11  Zergling x10  
  37  5:13  Drone  
  37  5:14  Drone x5  
  36  5:36  Baneling x8  
  36  5:45  Roach Warren  
  36  5:46  Extractor  
  34  5:52  Roach x4  
  34  5:53  Zergling x2  
  34  5:54  Zergling x8  
  39  6:42  Roach x3  
  45  6:48  Drone x3  
  45  6:49  Drone  
  45  6:50  Drone  
  50  6:59  Drone  
  50  7:00  Drone  
  52  7:04  Queen  
  52  7:05  Queen  
  56  7:17  Drone  
  56  7:18  Drone x2  
  59  7:31  Overlord  
  59  7:34  Zergling x8  
  63  7:38  Zergling x2  
Tags
 
Add a new tag
Caveats
  • Supply blocks, unpowered buildings, or Contaminate may cause inaccurate times.
  • Supply counts are checked every 10 seconds.